 Dungeon Crawl Stone Soup version 0.28.0-43-g3370ac3207 (webtiles) character file.

Game seed: 11885635062171594444

2471 pkoi the Ruffian (level 9, -9/111 HPs)
             Began as a Demigod Fighter on Mar 24, 2022.
             Mangled by Harold
             ... wielding a +0 war axe
              (18 damage)
             ... on level 7 of the Dungeon.
             The game lasted 00:11:53 (8112 turns).

pkoi the Ruffian (Demigod Fighter)                  Turns: 8112, Time: 00:11:55

Health: -9/111     AC: 18    Str: 17    XL:     9   Next: 6%
Magic:  11/11      EV:  9    Int: 27    God:
Gold:   177        SH:  5    Dex: 13    Spells: 8/8 levels left

rFire   + . .      SeeInvis .   l - +6 whip (venom)
rCold   . . .      Faith    .   b - +0 buckler
rNeg    . . .      Spirit   .   a - +0 scale mail
rPois   .          Reflect  .   g - +1 helmet
rElec   .          Harm     .   w - +2 cloak {Will+}
rCorr   +          Rampage  .   u - +0 pair of gloves
Will    +....                   (no boots)
Stlth   ..........              s - amulet of regeneration
HPRegen 1.08/turn               n - ring of Uqojanish {rF+ rCorr AC+4 Int+5}
MPRegen 0.12/turn               (no ring)

@: berserking, very quick
A: high MP 1, forlorn, divine attributes
a: no special abilities


You were on level 7 of the Dungeon.
You visited 2 branches of the dungeon, and saw 8 of its levels.
You also visited: Sewer and Ossuary.

You collected 177 gold pieces.

Inventory:

Hand Weapons
 e - a +0 dagger
 f - a +2 spear of flaming
 l - a +6 whip of venom (weapon)
 z - a +2 dagger of electrocution
Missiles
 h - 21 poisoned darts
 r - 3 curare-tipped darts
 A - 6 javelins (quivered)
Armour
 a - a +0 scale mail (worn)
 b - a +0 buckler (worn)
 g - a +1 helmet (worn)
 u - a +0 pair of gloves (worn)
 w - a +2 cloak of willpower (worn)
Jewellery
 n - the ring of Uqojanish (left hand) {rF+ rCorr AC+4 Int+5}
   (You acquired it on level 5 of the Dungeon)

   [ring of protection]

   AC:        It affects your AC (+4).
   Int:       It affects your intelligence (+5).
   rF:        It protects you from fire.
   rCorr:     It protects you from acid and corrosion.
 s - an amulet of regeneration (around neck)
Wands
 t - a wand of digging (7)
 C - a wand of polymorph (4)
Scrolls
 j - 2 scrolls of fear
 q - 4 scrolls of fog
 v - 3 scrolls of teleportation
 y - 3 scrolls of enchant armour
Potions
 c - a potion of might
 d - 8 potions of brilliance
 i - 4 potions of flight {unknown}
 k - a potion of cancellation {unknown}
 o - 6 potions of curing {unknown}
 p - 8 potions of heal wounds {unknown}
 x - 2 potions of magic {unknown}
 G - a potion of resistance {unknown}


   Skills:
 + Level 5.6 Fighting
 + Level 5.7 Armour
 + Level 5.8 Shields
 * Level 7.6 Unarmed Combat


You had 8 spell levels left.
You didn't know any spells.
Your spell library contained the following spells:

 Spells                   Type           Power      Damage    Failure   Level
 Foxfire                  Conj/Fire      0%         2x1d4     43%         1
 Slow                     Hex            0%         N/A       43%         1
 Sting                    Tmut/Pois      0%         1d3       43%         1
 Poisonous Vapours        Pois/Air       0%         N/A       56%         2
 Call Canine Familiar     Summ           0%         N/A       80%         3
 Confusing Touch          Hex            0%         N/A       80%         3
 Conjure Flame            Conj/Fire      0%         6-21      80%         3
 Inner Flame              Hex/Fire       0%         N/A       80%         3
 Portal Projectile        Hex/Tloc       0%         N/A       80%         3
 Vampiric Draining        Necr           0%         2d6       80%         3
 Flame Wave               Conj/Fire      0%         2d4       99%         4
 Leda's Liquefaction      Hex/Erth       0%         N/A       99%         4
 Olgreb's Toxic Radiance  Pois           0%         N/A       99%         4


Dungeon Overview and Level Annotations

Branches:
Dungeon (7/15)             Temple (1/1) D:6           Sewer (visited)
Ossuary (visited)

Shops:
D:4 =

Annotations:
D:7 Harold


Innate Abilities, Weirdness & Mutations

You have an increased reservoir of magic. (+10% MP)
You shall have no god before yourself.
Your divine heritage dramatically boosts your attributes as you level up.


Message History

Unknown command.
You hit Harold.
Harold looks as sick as possible!
Harold is lightly wounded.
Harold hits you with a +0 war axe!
* * * LOW HITPOINT WARNING * * *
Unknown command.
You hit Harold.
Harold is moderately wounded.
Harold hits you with a +0 war axe!!
* * * LOW HITPOINT WARNING * * *
Unknown command.
Aiming: Polymorph
Press: ? - help, Shift-Dir - straight line, f - Harold
Aim: Harold, wielding a +0 war axe, wearing a +0 scale mail and quivering 3 throwing nets (moderately wounded, extremely poisoned, will become a water nymph, a dream sheep, or a black bear, chance to affect: 17%)
Okay, then.
Unknown command.
A red film seems to cover your vision as you go berserk!
You feel yourself moving faster!
You feel mighty! Harold hits you with a +0 war axe!
* * * LOW HITPOINT WARNING * * *
You barely miss Harold.
Harold is moderately wounded.
You block Harold's attack.
You whack Harold!
Harold looks as sick as possible!
Harold is heavily wounded.
You whack Harold!
Harold looks as sick as possible!
Harold is severely wounded.
Harold hits you with a +0 war axe!
* * * LOW HITPOINT WARNING * * *
You whack Harold!
Harold is almost dead.
Harold hits you with a +0 war axe.
* * * LOW HITPOINT WARNING * * *
You whack Harold!
Harold looks as sick as possible!
Harold is almost dead.
Harold hits you but does no damage.
You closely miss Harold.
Harold is almost dead.
Harold hits you with a +0 war axe!!
You die...

.##......##....
#.......# ....
##......# ...
#......## ..#
#.......# #.##
##......## #..#
#.......#####..## .
#........#.#....#....
#...........)@@......
............:..#.....
...>#.).......... #..
...##.............#
.............####...
...###.##.....# .###
#. #...### # ## #####


You could see Harold (extremely poisoned).

Vanquished Creatures
  A vampire (D:6)
  Menkaure (D:4)
  Edmund (D:5)
  2 sky beasts
  An ice beast (D:5)
  4 ogres
  A centaur (D:6)
  8 kobold brigands
  A water moccasin zombie (D:5)
  A bullfrog zombie (D:5)
  A centaur skeleton (D:5)
  4 centaur zombies
  2 hounds
  An orc priest (D:6)
  Crazy Yiuf (D:2)
  2 iguanas (D:5)
  An orc wizard (D:6)
  2 killer bee zombies
  A hound skeleton (D:5)
  4 mummies (Ossuary)
  Robin (D:2)
  4 gnolls (D:2)
  7 adders
  2 river rats
  2 white imps (D:6)
  An adder skeleton (D:5)
  6 worms
  3 dart slugs
  15 orcs
  7 bats
  10 endoplasms
  4 giant cockroaches
  A gnoll zombie (Ossuary)
  16 goblins
  6 hobgoblins
  3 jackals (D:1)
  13 kobolds
  2 quokkas
  8 ball pythons
  7 frilled lizards
  A goblin zombie (Ossuary)
  3 hobgoblin zombies (Ossuary)
  A kobold zombie (Ossuary)
  6 rats
169 creatures vanquished.

Notes
Turn   | Place    | Note
-------+----------+-------------------------------------------
     0 | D:1      | pkoi the Demigod Fighter began the quest for the Orb.
     0 | D:1      | Reached XP level 1. HP: 18/18 MP: 3/3
   236 | D:1      | Reached skill level 2 in Unarmed Combat
   434 | D:1      | Reached XP level 2. HP: 25/25 MP: 4/4
  1061 | D:2      | Found a runed translucent door.
  1062 | D:2      | Noticed Crazy Yiuf
  1152 | D:2      | Reached XP level 3. HP: 30/30 MP: 5/5
  1183 | D:2      | Noticed Robin
  1198 | D:2      | Killed Robin
  1389 | D:2      | Reached skill level 3 in Unarmed Combat
  1415 | D:2      | Reached XP level 4. HP: 37/38 MP: 6/6
  1774 | D:2      | Identified the +1 spear of Ypiel {drain, Str+4}
  2053 | D:2      | Killed Crazy Yiuf
  2234 | D:3      | Reached XP level 5. HP: 45/45 MP: 7/7
  2480 | D:3      | Noticed a golden eye
  2489 | D:3      | Noticed a shining eye
  2495 | D:3      | Noticed a golden eye
  2506 | D:3      | Noticed a floating eye
  3086 | D:4      | Noticed a sky beast
  3086 | D:4      | Found a glowing drain.
  3157 | D:4      | Killed a sky beast
  3158 | D:4      | Reached skill level 4 in Unarmed Combat
  3167 | Sewer    | Entered a sewer
  3194 | Sewer    | Reached XP level 6. HP: 50/51 MP: 8/8
  3629 | Sewer    | Reached skill level 5 in Unarmed Combat
  3629 | Sewer    | Reached XP level 7. HP: 14/59 MP: 9/9
  5146 | D:4      | Noticed Menkaure
  5157 | D:4      | Killed Menkaure
  5409 | D:4      | Found Xouhinek's Jewellery Emporium.
  5630 | D:5      | Entered Level 5 of the Dungeon
  5630 | D:5      | Noticed Edmund
  5645 | D:5      | Killed Edmund
  5646 | D:5      | Reached skill level 6 in Unarmed Combat
  5646 | D:5      | Reached XP level 8. HP: 54/62 MP: 10/10
  5728 | D:5      | Identified a scroll of acquirement
  5728 | D:5      | Acquired the ring of Uqojanish {rF+ rCorr AC+4 Int+5}
  5764 | D:5      | Reached skill level 5 in Shields
  5798 | D:5      | Reached skill level 5 in Armour
  5978 | D:5      | Reached skill level 5 in Fighting
  6265 | D:6      | Reached skill level 7 in Unarmed Combat
  6427 | D:6      | Found a sand-covered staircase.
  6434 | Ossuary  | Entered an ossuary
  6741 | D:6      | Found a staircase to the Ecumenical Temple.
  6867 | Temple   | Entered the Ecumenical Temple
  7554 | D:6      | Reached XP level 9. HP: 74/74 MP: 11/11
  8098 | D:7      | Noticed Harold
  8112 | D:7      | Mangled by Harold

Illustrated notes

Levels and vault maps discovered:
D:1:      psy_arrival_radial01, layout_basic, amcnicky_mini_pool_small,
          minmay_misc_feat_square
D:2:      layout_loops_ring, uniq_robin, uniq_crazy_yiuf_cottage
D:3:      layout_loops_corners, hellmonk_ecumenical_altar_watching_god,
          chequers_garden, minmay_misc_feat_pillars, hangedman_glass_teeth
D:4:      layout_loops_ring, nicolae_ru_the_path_less_chosen,
          nicolae_uskayaw_suspiria, cheibrodos_sewer_entry_sluice, serial_shops,
          shop, uniq_menkaure
D:5:      layout_gridville, uniq_edmund
D:6:      hellmonk_destroyed_diamonds, layout_cave_pods, temple_hall,
          nicolae_ossuary_entry_ruins
D:7:      layout_cave_pools, uniq_harold
Temple:   dpeg_chambers_temple

Skill      XL: |  1  2  3  4  5  6  7  8 |
---------------+-------------------------+-----
Unarmed Combat | 2 3 4 5 6 7 |  7.6
Shields        | 3 4 5 |  5.8
Armour         | 3 4 5 |  5.7
Fighting       | 3 4 5 |  5.6

Action                   |  1- 3 |  4- 6 |  7- 9 || total
-------------------------+-------+-------+-------++-------
Melee: Unarmed           |    10 |       |    54 ||    64
       Dagger            |     9 |       |    50 ||    59
       Spear             |    42 |       |       ||    42
       Whip              |    46 |   151 |   267 ||   464
  Use: Scroll            |     3 |     3 |     9 ||    15
       Potion            |       |       |     1 ||     1
Armor: Scale mail        |    38 |    88 |   218 ||   344
Dodge: Dodged            |    32 |    59 |   138 ||   229
Block: Buckler           |    19 |    36 |    77 ||   132
